 Dungeon Crawl Stone Soup version 0.28-a0-2-g643f2454ad (webtiles) character file.

Game seed: 11346786552650844753

85 Spectrina the Sneak (level 4, 0/35 HPs)
             Began as a Djinni Delver on July 22, 2021.
             Was a Follower of Uskayaw.
             Slain by an ufetubus (1 damage)
             ... on level 5 of the Dungeon.
             The game lasted 00:13:18 (1726 turns).

Spectrina the Sneak (Djinni Delver)                 Turns: 1726, Time: 00:13:19

Health: 0/35       AC:  5    Str: 11    XL:     4   Next: 75%
Gold:   72         EV: 12    Int: 12    God:    Uskayaw [*.....] SH:  0 Dex: 15

rFire   + + .      SeeInvis .   n - +1 hunting sling
rCold   x . .      Faith    .   (no shield)
rNeg    . . .      Spirit   .   a - +0 leather armour
rPois   ∞          Reflect  .   (no helmet)
rElec   .          Harm     .   s - +0 cloak
rCorr   .          Rampage  .   v - +0 pair of gloves
Will    .....                   (boots unavailable)
Stlth   +.........              (no amulet)
HPRegen 0.11/turn               (no ring)
MPRegen 0.00/turn               (no ring)

@: silenced (expiring), flying
A: sickness immunity, fire resistance 2, cold vulnerability 1, float, innate
caster, hp casting, extra vitality 1
a: Renounce Religion


You were on level 5 of the Dungeon.
You worshipped Uskayaw.
Uskayaw was noncommittal.
You visited 1 branch of the dungeon, and saw 5 of its levels.

You collected 93 gold pieces.
You spent 21 gold pieces at shops.

Inventory:

Hand Weapons
 n - a +1 hunting sling (weapon)
 w - a +0 battleaxe
Missiles
 d - 40 arrows
 g - 29 bolts
 h - 124 stones
 q - 5 sling bullets (quivered ammo)
 t - 6 poisoned darts
Armour
 a - a +0 leather armour (worn)
 s - a +0 cloak (worn)
 v - a +0 pair of gloves (worn)
Wands
 f - a wand of digging (3)
Scrolls
 b - a scroll of fog
 c - 3 scrolls of magic mapping
 j - 2 scrolls of identify
 k - a scroll of enchant weapon
 l - 2 scrolls of blinking {unknown}
 p - 2 scrolls of teleportation {unknown}
Potions
 e - a potion of haste
 i - a potion of might
 m - a potion of berserk rage {unknown}


   Skills:
 - Level 3.0 Fighting
 - Level 2.1 Dodging
 - Level 4.1 Stealth
 - Level 2.0 Unarmed Combat
 * Level 2.8 Spellcasting
 + Level 0.9 Invocations


You had 7 spell levels left.
You knew the following spells:

 Your Spells              Type           Power      Damage    Failure   Level
a - Freeze                Ice            32%        1d5       11%         1
Your spell library was empty.

Dungeon Overview and Level Annotations

Branches:
Dungeon (5/15)
 Temple: D:4-7

Altars:
Gozag
Uskayaw

Shops:
D:2 *

Annotations:
D:4 Blork the orc, Eustachio


Innate Abilities, Weirdness & Mutations

You are immune to sickness and miasma.
You are immune to poison.
Your flesh is very heat resistant. (rF++)
You are vulnerable to cold. (rC-)
You float through the air rather than walking.
You learn spells naturally, not from books.
Your magical power is your life essence.
You have superior vitality. (+4 HP)


Message History

The ufetubus hits you but does no damage.
The ufetubus hits you but does no damage.
The ufetubus misses you. The bullfrog zombie barely misses you.
Found 18 gold pieces.
The ufetubus barely misses you. x2
The ufetubus barely misses you. The ufetubus closely misses you.
Found a shiny marble ring.
Unknown command.
The ufetubus closely misses you. The ufetubus completely misses you.
Found 18 sling bullets.
A dart slug comes into view.
The ufetubus hits you but does no damage. x2
A scorpion zombie comes into view.
The dart slug launches a dart at you.
The slug dart hits you but does no damage.
The dart slug launches a dart at you. The slug dart hits you.
* * * LOW HITPOINT WARNING * * *
The ufetubus misses you. The ufetubus closely misses you.
The dart slug launches a dart at you. The slug dart hits you.
* * * LOW HITPOINT WARNING * * *
The ufetubus hits you.
* * * LOW HITPOINT WARNING * * *
The ufetubus closely misses you.
The ufetubus's inner flame fades away.
The dart slug launches a dart at you. The slug dart hits you.
* * * LOW HITPOINT WARNING * * *
The ufetubus misses you. The ufetubus barely misses you.
The scorpion zombie hits you but does no damage.
The dart slug launches a dart at you. The slug dart misses you.
The ufetubus closely misses you. The ufetubus misses you.
The dart slug launches a dart at you.
The slug dart hits you but does no damage.
The ufetubus hits you.
* * * LOW HITPOINT WARNING * * *
The ufetubus hits you.
You die...

...w≈≈≈≈≈≈≈≈≈ ..#....
##..#≈≈≈≈≈≈....#.....
#...≈≈.≈≈...........
#.......=...........
#......(.....#.#....
#.....w........###..
#..w...........# ###
#.......w....$.#####
#@5.......w....Z..
#.Z....Z.....#####
##########...# #####


You could see 3 dart slugs, an ufetubus, a scorpion zombie and a centaur zombie
(inner flame).

Vanquished Creatures
  A gnoll (D:3)
  3 adders
  An ufetubus (D:3)
  2 dart slugs (D:3)
  An orc (D:3)
  3 endoplasms
  A goblin (D:2)
  2 hobgoblins (D:3)
  7 jackals
  4 kobolds
  4 ball pythons
  3 bats
  7 frilled lizards
  A rat (D:3)
40 creatures vanquished.

Notes
Turn   | Place    | Note
-------+----------+-------------------------------------------
     0 | D:5      | Spectrina the Djinni Delver began the quest for the Orb.
     0 | D:5      | Reached XP level 1. HP: 20/20 MP: 0/0
     8 | D:5      | Noticed a scorpion
    31 | D:4      | Noticed a necrophage
    90 | D:4      | Noticed a hound
   115 | D:4      | Noticed a jelly
   196 | D:3      | Found an opulent altar of Gozag.
   253 | D:3      | Reached skill level 1 in Spellcasting
   253 | D:3      | Reached XP level 2. HP: 25/25 MP: 0/0
   393 | D:1      | Reached XP level 3. HP: 11/30 MP: 0/0
   393 | D:1      | Learned a level 1 spell: Freeze
   397 | D:2      | Found Iloleh's Assorted Antiques.
   403 | D:2      | Bought a fuming sapphire potion for 21 gold pieces
   799 | D:4      | Noticed Blork the orc
   799 | D:4      | Noticed Eustachio
  1386 | D:3      | Reached XP level 4. HP: 20/35 MP: 0/0
  1405 | D:3      | Found a faded altar of an unknown god.
  1415 | D:3      | Became a worshipper of Uskayaw the Reveller
  1415 | D:3      | Reached * piety under Uskayaw
  1480 | D:3      | Reached ** piety under Uskayaw
  1669 | D:5      | Noticed a sky beast
  1726 | D:5      | HP: 1/35 [ufetubus (1)]
  1726 | D:5      | Slain by an ufetubus

Illustrated notes

Levels and vault maps discovered:
D:1:      lightli_arrival_lavapool, layout_loops_corners, minmay_misc_feat_alley
D:2:      layout_basic, serial_shops, nicolae_shop_overgrown_old_shop
D:3:      kennysheep_six_static_rooms, layout_rooms, nicolae_gozag_seed_capital,
          serial_glass, glass_columns_b, glass_columns_c, glass_columns_b,
          glass_columns_a, glass_columns_b, ebering_ecumenical_altar_webs
D:4:      minmay_skewed_foursquare, layout_cave_pools, uniq_eustachio,
          uniq_blork_the_orc
D:5:      kennysheep_slugbush, layout_rooms, minmay_temple_entry_statues

Skill      XL: |  1  2  3 |
---------------+----------+-----
Spellcasting   | 1 2 |  2.8
Fighting       | |  3.0
Dodging        | |  2.1
Stealth        | |  4.1
Unarmed Combat | |  2.0
Invocations    | |  0.9

Action                   |  1- 3 |  4- 6 || total
-------------------------+-------+-------++-------
Melee: Unarmed           |    42 |       ||    42
 Fire: Hunting sling     |    27 |    12 ||    39
 Cast: Freeze            |    30 |    17 ||    47
  Use: Scroll            |     2 |     3 ||     5
       Potion            |     1 |     2 ||     3
Armor: Leather armour    |    13 |    18 ||    31
Dodge: Dodged            |    63 |    52 ||   115

Table legend: (Time is in decaauts)
 A = Elapsed time spent in this place.
 B = Non-inter-level travel time spent in this place.
 C = Inter-level travel time spent in this place.
 D = Time resting spent in this place.
 E = Time spent auto-exploring this place.
 F = Levels seen in this place.
 G = Mean time per level.
                   A        B        C        D        E       F      G
               +--------+--------+--------+--------+--------+-----+--------+
         Total |   1722 |   1595 |    127 |      0 |      0 |   5 |  344.4 |
       Dungeon |   1722 |   1595 |    127 |      0 |      0 |   5 |  344.4 |
               +--------+--------+--------+--------+--------+-----+--------+

Top non-repeatable levels by time:
     D:3: 626 daAuts
     D:2: 623 daAuts
     D:1: 207 daAuts
     D:4: 191 daAuts
     D:5: 73 daAuts
